 Dungeon Crawl Stone Soup version 0.19.0-22-gd96e5fe (webtiles) character file.

336 dobroeutro the Bolt Thrower (level 6, -10/35 HPs)
             Began as a Kobold Hunter on Nov 18, 2016.
             Blown up by an orc (21 damage)
             ... with a wand of disintegration
             ... on level 5 of the Dungeon.
             The game lasted 00:09:34 (5733 turns).

dobroeutro the Bolt Thrower (Kobold Hunter)         Turns: 5733, Time: 00:09:35

Health: -10/35     AC:  6    Str: 10    XL:     6   Next: 84%
Magic:  6/6        EV: 15    Int: 12    God:
Gold:   147        SH:  0    Dex: 17    Spells: 0 memorised, 5 levels left

rFire  . . .     SeeInvis +     b - +0 short sword
rCold  . . .     Gourm    .     c - +0 leather armour
rNeg   . . .     Faith    .     (shield restricted)
rPois  .         Spirit   .     i - +0 helmet (curse)
rElec  .         Reflect  .     r - +1 cloak
rCorr  .         Harm     .     (no gloves)
MR     .....                    (no boots)
Stlth  +++.......               (no amulet)
                                (no ring)
                                j - ring of see invisible

@: no status effects
A: carnivore 3
a: no special abilities


You were on level 5 of the Dungeon.
You were completely stuffed.

You visited 1 branch of the dungeon, and saw 5 of its levels.

You collected 147 gold pieces.

Inventory:

Hand Weapons
 a - a +1 hand crossbow
 b - a +0 short sword (weapon)
Missiles
 d - 12 bolts
Armour
 c - a +0 leather armour (worn)
 i - a cursed +0 helmet (worn)
 r - a +1 cloak (worn)
Jewellery
 j - a ring of see invisible (left hand)
Scrolls
 e - 3 scrolls of teleportation {unknown}
 k - 2 scrolls of recharging {unknown}
 l - a scroll of enchant weapon {unknown}
 m - 2 scrolls of remove curse {unknown}
 n - a scroll of immolation {unknown}
 o - a scroll of fog {unknown}
 p - a scroll of random uselessness {unknown}
 t - a scroll of identify {unknown}
 v - a scroll of enchant armour {unknown}
 w - 6 scrolls of noise {unknown}
 x - a scroll of amnesia {unknown}
Potions
 g - a potion of brilliance
 h - a potion of heal wounds
 s - a potion of cancellation {unknown}
 u - a potion of magic {unknown}
 z - 2 potions of degeneration {unknown}
Comestibles
 f - 3 meat rations
 q - a royal jelly
 A - a chunk of flesh


   Skills:
 - Level 2.1 Fighting
 + Level 4.7 Short Blades
 * Level 7.1 Crossbows
 - Level 2.4 Dodging
 + Level 4.1 Stealth


You had 5 spell levels left.
You didn't know any spells.

Dungeon Overview and Level Annotations

Branches:
Dungeon (5/15)
 Temple: D:4-7

Altars:
Cheibriados
Dithmenos
Hepliaklqana
Nemelex Xobeh

Annotations:
D:4 Dowan, Eustachio


Innate Abilities, Weirdness & Mutations

You are small and have problems with some larger weapons.
You are carnivorous and can eat meat at any time.


Message History

The orc hits you but does no damage.
You hit the orc but do no damage.
The orc is heavily wounded.
The orc hits you but does no damage.
You closely miss the orc.
The orc is heavily wounded.
The orc hits you but does no damage.
You barely miss the orc.
The orc is heavily wounded.
The orc hits you with a whip.
You barely miss the orc.
The orc is heavily wounded.
You hit the orc but do no damage.
The orc is heavily wounded.
The orc hits you with a whip.
You hit the orc but do no damage.
The orc is moderately wounded.
The orc zaps a wand.
You are blasted!
Ouch! That really hurt!
You die...

.# #### ##. w.##
## )####.. ..##..
#w.##.%# ...##.#
....###......#
##.##.#######
#..#...###.#
#..........#
#..........#
####.#####.#
##.###.##### #.#
#w....# #.#
#o##### #.# #@#
#####.# #######.##
...##.# .........#
##.##.# #######..#
#.##.##########..#
#.##.............#
#.########.#.###.#
#.# #.###....# #g#
##.#.#####


You could see a worm and an orc.

Vanquished Creatures
  A centaur (D:5)
  Terence (D:2)
  A hound skeleton (D:5)
  A howler monkey skeleton (D:5)
  4 gnolls
  5 adders
  3 worms (D:2)
  2 dart slugs
  4 leopard geckos
  12 orcs
  6 bats
  6 giant cockroaches
  7 goblins
  13 hobgoblins
  8 jackals
  3 quokkas
  5 frilled lizards
  8 kobolds
  12 rats
102 creatures vanquished.

Notes
Turn   | Place    | Note
-------+----------+-------------------------------------------
     0 | D:1      | dobroeutro the Kobold Hunter began the quest for the Orb.
     0 | D:1      | Reached XP level 1. HP: 12/12 MP: 1/1
    60 | D:1      | Reached skill level 1 in Short Blades
    69 | D:1      | Reached skill level 5 in Crossbows
    72 | D:1      | Reached XP level 2. HP: 4/17 MP: 2/2
   572 | D:1      | Reached XP level 3. HP: 7/21 MP: 3/3
  1504 | D:2      | Noticed Terence
  1560 | D:1      | HP: 1/21 [jackal (1)]
  1921 | D:2      | Reached XP level 4. HP: 24/26 MP: 4/4
  2308 | D:2      | Found a snail-covered altar of Cheibriados.
  2514 | D:2      | Found a sparkling altar of Nemelex Xobeh.
  2747 | D:2      | Reached XP level 5. HP: 25/30 MP: 5/5
  2783 | D:2      | Killed Terence
  2783 | D:2      | Reached skill level 6 in Crossbows
  3655 | D:3      | Found a hazy altar of Hepliaklqana.
  4406 | D:4      | Noticed an ogre
  4453 | D:4      | Noticed Eustachio
  4453 | D:4      | Noticed an orc warrior
  4490 | D:4      | Reached XP level 6. HP: 26/35 MP: 6/6
  4647 | D:4      | Noticed Dowan
  4654 | D:5      | Entered Level 5 of the Dungeon
  5209 | D:5      | Noticed an ogre
  5240 | D:5      | Reached skill level 7 in Crossbows
  5689 | D:5      | Found a shadowy altar of Dithmenos.
  5733 | D:5      | Blown up by an orc

Skill      XL: |  1  2  3  4  5  6 |
---------------+-------------------+-----
Short Blades   | 1 2 3 4 |  4.7
Crossbows      | 5 6 7 |  7.1
Stealth        | 2 3 4 |  4.1
Fighting       | |  2.1
Dodging        | |  2.4

Action                   |  1- 3 |  4- 6 || total
-------------------------+-------+-------++-------
Melee: Short sword       |   142 |   325 ||   467
 Fire: Hand crossbow     |    10 |    35 ||    45
  Use: Potion            |       |     4 ||     4
 Stab: Distracted        |     2 |     1 ||     3
       Sleeping          |     5 |     7 ||    12
  Eat: Chunk             |     9 |    15 ||    24
Armor: Leather armour    |    22 |    63 ||    85
       Skin              |       |     8 ||     8
Dodge: Dodged            |    99 |   181 ||   280
